 Dungeon Crawl Stone Soup version 0.24.0-1-gfbc8707 (webtiles) character file.

Game seed: 12279238745320475731, levelgen mode: deterministic

15883 bonscott the Fighter (level 12, -19/97 HPs)
             Began as a Gnoll Warper on Nov 10, 2019.
             Was an Elder of Cheibriados.
             Demolished by Rupert
             ... wielding a +4 great sword of electrocution
              (28 damage)
             ... on level 13 of the Dungeon.
             The game lasted 01:11:32 (12386 turns).

bonscott the Fighter (Gnoll Warper)                Turns: 12386, Time: 01:11:32

Health: -19/97     AC: 18    Str: 23    XL:     12   Next: 31%
Magic:  0/30       EV: 25    Int: 33    God:    Cheibriados [****..]
Gold:   345        SH:  0    Dex: 31    Spells: 12/28 levels left

rFire    . . .     SeeInvis .   U - +6 Majin-Bo {vamp, Archmagi MP+6 Int+6}
rCold    + + .     Gourm    .   (shield currently unavailable)
rNeg     . . .     Faith    .   N - +2 ring mail {rC+}
rPois    .         Spirit   +   B - +2 helmet
rElec    +         Reflect  .   G - +2 cloak "Toasmoju" {rElec Regen+ Str-5}
rCorr    .         Harm     .   v - +0 pair of gloves
MR       .....                  a - +0 pair of boots
Stlth    +++++.....             J - amulet of guardian spirit
HPRegen  0.66/turn              p - ring of protection from cold
MPRegen  0.22/turn              D - +2 ring of strength

@: agile, studying 2 skills, very slow
A: distributed training, fangs 1, strong nose
a: Bend Time, Temporal Distortion, Slouch, Renounce Religion


You were on level 13 of the Dungeon.
You worshipped Cheibriados.
Cheibriados was greatly pleased with you.
You were hungry.

You visited 1 branch of the dungeon, and saw 12 of its levels.
You also visited: Bailey.

You collected 800 gold pieces.
You spent 455 gold pieces at shops.

Inventory:

Hand Weapons
 q - a +0 dagger of venom
 L - a +2 spear of venom
 M - the +1 short sword "Opyumakk" {pierce, rPois rN++}
   (You found it on level 10 of the Dungeon)

   It inflicts extra damage upon your enemies.
   It protects you from poison.
   It greatly protects you from negative energy.
 U - the +6 Majin-Bo (weapon) {vamp, Archmagi MP+6 Int+6}
   (You found it on level 10 of the Dungeon)

   It inflicts no extra harm, but heals its wielder when it wounds a living foe.
   It affects your intelligence (+6).
   It affects your magic capacity (+6).
Missiles
 e - 5 boomerangs of dispersal
 j - 368 stones
 n - 21 poisoned darts
 o - 31 boomerangs
 t - 226 arrows
 u - a curare-tipped dart (quivered)
 z - 134 sling bullets
 A - 135 bolts
 O - 19 javelins
 P - 3 atropa-tipped darts
 W - 3 throwing nets
Armour
 a - a +0 pair of boots (worn)
 v - a +0 pair of gloves (worn)
 B - a +2 helmet (worn)
 G - the +2 cloak "Toasmoju" (worn) {rElec Regen+ Str-5}
   (You found it on level 4 of the Dungeon)

   It affects your strength (-5).
   It insulates you from electricity.
   It increases your rate of regeneration.
 N - a +2 ring mail of cold resistance (worn)
Jewellery
 p - a ring of protection from cold (left hand)
 D - a +2 ring of strength (right hand)
 J - an amulet of guardian spirit (around neck)
Wands
 s - a wand of iceblast (17)
 C - a wand of acid (4)
 H - a wand of flame (10)
 V - a wand of paralysis (4)
 Y - a wand of digging (4)
Scrolls
 b - a scroll of identify
 c - 6 scrolls of enchant weapon
 d - a scroll of blinking
 i - 3 scrolls of teleportation
 y - a scroll of amnesia
 E - 2 scrolls of remove curse
 F - a scroll of fear
 K - 2 scrolls of fog
Potions
 g - a potion of heal wounds
 h - a potion of flight
 k - 2 potions of mutation
 l - 6 potions of curing
 m - 2 potions of lignification
 w - a potion of invisibility {unknown}
 I - 4 potions of brilliance
 S - a potion of magic {unknown}
 X - 2 potions of cancellation
Books
 Q - a manual of Fighting
 R - a manual of Shields
Miscellaneous
 T - a lamp of fire (inert)
Comestibles
 f - 20 rations
 r - 4 chunks of flesh


   Skills:
 + Level 10.1 Fighting
 + Level 7.0 Short Blades
 + Level 8.5 Long Blades
 + Level 7.0 Axes
 + Level 7.0 Maces & Flails
 + Level 7.0 Polearms
 + Level 7.0 Staves
 + Level 7.0 Slings
 + Level 7.0 Bows
 + Level 7.0 Crossbows
 + Level 7.5 Throwing
 + Level 7.5 Armour
 + Level 8.5 Dodging
 + Level 7.0 Stealth
 + Level 9.0 Shields
 + Level 7.0 Unarmed Combat
 + Level 8.7 Spellcasting
 + Level 5.8 Conjurations
 + Level 5.8 Hexes
 + Level 5.8 Charms
 + Level 5.8 Summonings
 + Level 5.8 Necromancy
 + Level 8.1 Translocations
 + Level 5.8 Transmutations
 + Level 5.8 Fire Magic
 + Level 5.8 Ice Magic
 + Level 5.8 Air Magic
 + Level 5.8 Earth Magic
 + Level 5.8 Poison Magic
 + Level 7.7 Invocations
 + Level 7.0 Evocations


You had 12 spell levels left.
You knew the following spells:

 Your Spells              Type           Power        Failure   Level  Hunger
a - Apportation           Tloc           ######       1%          1    None
b - Blink                 Tloc           N/A          1%          2    None
g - Gell's Gravitas       Tloc           #######...   1%          3    None
l - Lesser Beckoning      Tloc           #######...   1%          3    None
s - Shock                 Conj/Air       ####         1%          1    None
G - Shroud of Golubria    Chrm/Tloc      ######       1%          2    None
S - Animate Skeleton      Necr           N/A          1%          1    None
T - Teleport Other        Tloc           #######.     1%          3    None

Your spell library contained the following spells:

 Spells                   Type           Power        Failure   Level  Hunger
 Confusing Touch          Hex            ######       1%          1    None
 Summon Small Mammal      Summ           ####         1%          1    None
 Swiftness                Chrm/Air       ######..     1%          2    None
 Static Discharge         Conj/Air       ######..     1%          3    None
 Passage of Golubria      Tloc           N/A          1%          4    None
 Airstrike                Air            ######....   4%          4    None
 Cause Fear               Hex            ######....   4%          4    None
 Ice Form                 Ice/Tmut       ######..     4%          4    None
 Lightning Bolt           Conj/Air       ######....   12%         5    ###....
 Metabolic Englaciation   Hex/Ice        ######....   12%         5    ###....
 Silence                  Hex/Air        ######....   12%         5    ###....
 Yara's Violent Unravell  Hex/Tmut       ######....   12%         5    ###....
 Bolt of Cold             Conj/Ice       ######....   54%         6    #####..
 Deflect Missiles         Chrm/Air       ######....   54%         6    #####..
 Freezing Cloud           Conj/Ice/Air   ######....   54%         6    #####..
 Ozocubu's Refrigeration  Ice            ######....   54%         6    #####..
 Simulacrum               Ice/Necr       ######....   54%         6    #####..
 Discord                  Hex            ######....   100%        8    #######


Dungeon Overview and Level Annotations

Branches:
Dungeon (13/15)            Temple (0/1) D:7            Lair (0/6) D:9
    Orc (0/2) D:12         Bailey (visited)
 Vaults: D:13-14

Altars:
Cheibriados
Dithmenos
Elyvilon
Fedhas
Vehumet
The Shining One

Shops:
D:8 *   D:9 !   D:10 ?   D:11 *

Annotations:
D:13 Rupert


Innate Abilities, Weirdness & Mutations

Your experience applies equally to all skills.
You have very sharp teeth.
Your uncanny sense of smell can sniff out nearby items.


Message History

The bolt of acid hits Rupert!
Rupert is splashed with acid.
Rupert is severely wounded.
Rupert completely misses you.
Evoke which item? (* to show all) (? for menu, Esc to quit)
Aiming: Corrosive Bolt
Press: ? - help, Shift-Dir - straight line, f/p - Rupert
Aim: Rupert, wielding a +4 great sword of electrocution and wearing a +0 scale mail (severely wounded, berserk, fast, unusually strong, covered in acid)
The bolt of acid misses Rupert.
Rupert hits you with a +4 great sword of electrocution!!
* * * LOW HITPOINT WARNING * * *
Evoke which item? (* to show all) (? for menu, Esc to quit)
Aiming: Corrosive Bolt
Press: ? - help, Shift-Dir - straight line, f/p - Rupert
Aim: Rupert, wielding a +4 great sword of electrocution and wearing a +0 scale mail (severely wounded, berserk, fast, unusually strong, covered in acid)
The bolt of acid hits Rupert!
Rupert is splashed with acid.
Rupert seems to be corroded for longer.
Rupert is severely wounded.
Rupert hits you but does no damage.
Rupert hits you with a +4 great sword of electrocution!!
You die...

#.........######.#............
#..........).....########....#
#..........######.......'...[.
#..........# #.#######....#
#..........# #.# ######
..)......@# #.# ..........#
#.# ...[.....######.#
.#######(†@@....# ##########


You could see Rupert (berserk).

Vanquished Creatures
  Harold (D:8)
  A hydra (D:11)
  Sonja (D:12)
  An unseen horror (D:13)
  2 centaur zombies
  A cyclops (D:11)
  Maurice (D:8)
  Joseph (D:7)
  2 centaur skeletons
  5 trolls
  A hornet (D:11)
  4 slime creatures (D:10)
  5 hippogriffs
  A shadow (D:11)
  A spriggan (D:7)
  A vampire (D:13)
  7 yaks
  A wyvern (D:13)
  2 hungry ghosts (D:12)
  A two-headed ogre zombie (D:12)
  An acid dragon (D:11)
  12 orc warriors
  2 sky beasts (D:8)
  2 ice beasts (D:7)
  A phantom (D:12)
  An eye of draining (D:10)
  5 ogres
  13 centaurs
  2 big kobolds
  A gnoll sergeant (D:7)
  7 bullfrogs
  A scorpion (D:10)
  3 troll zombies (D:12)
  11 killer bees (D:9)
  A howler monkey (D:8)
  3 crimson imps
  4 orc priests
  2 jellies
  5 bullfrog skeletons
  5 hounds
  A gnoll shaman (D:4)
  10 orc wizards
  12 worker ants
  2 iguanas
  4 ogre zombies (D:12)
  A hound zombie (D:8)
  15 gnolls
  A howler monkey zombie (D:8)
  13 adders
  3 shadow imps
  An adder skeleton (D:10)
  3 worms
  7 dart slugs (D:4)
  5 leopard geckos
  42 orcs
  6 giant cockroaches
  9 goblins
  6 hobgoblins
  6 jackals
  3 quokkas
  2 ball pythons
  6 bats
  4 frilled lizards
  A goblin skeleton (D:12)
  3 goblin zombies (D:12)
  2 hobgoblin skeletons (D:12)
  4 hobgoblin zombies (D:12)
  14 kobolds
  3 orc skeletons (D:12)
  12 orc zombies (D:12)
  A quokka skeleton (D:8)
  10 rats
334 creatures vanquished.

Notes
Turn   | Place    | Note
-------+----------+-------------------------------------------
     0 | D:1      | bonscott the Gnoll Warper began the quest for the Orb.
     0 | D:1      | Reached XP level 1. HP: 20/20 MP: 6/6
   501 | D:1      | Reached XP level 2. HP: 19/26 MP: 7/7
   969 | D:2      | Found a radiant altar of Vehumet.
   993 | D:2      | Reached skill level 5 in Spellcasting
   993 | D:2      | Reached XP level 3. HP: 19/31 MP: 7/9
  1206 | D:2      | Reached skill level 1 in Invocations
  1235 | D:2      | Reached skill level 1 in Short Blades
  1235 | D:2      | Reached skill level 1 in Axes
  1235 | D:2      | Reached skill level 1 in Maces & Flails
  1235 | D:2      | Reached skill level 1 in Polearms
  1235 | D:2      | Reached skill level 1 in Staves
  1235 | D:2      | Reached skill level 1 in Slings
  1235 | D:2      | Reached skill level 1 in Bows
  1235 | D:2      | Reached skill level 1 in Crossbows
  1235 | D:2      | Reached skill level 1 in Stealth
  1235 | D:2      | Reached skill level 1 in Shields
  1235 | D:2      | Reached skill level 1 in Unarmed Combat
  1235 | D:2      | Reached skill level 1 in Evocations
  1508 | D:1      | Reached XP level 4. HP: 31/38 MP: 11/11
  1723 | D:2      | Reached skill level 1 in Conjurations
  1723 | D:2      | Reached skill level 1 in Hexes
  1723 | D:2      | Reached skill level 1 in Charms
  1723 | D:2      | Reached skill level 1 in Summonings
  1723 | D:2      | Reached skill level 1 in Necromancy
  1723 | D:2      | Reached skill level 1 in Transmutations
  1723 | D:2      | Reached skill level 1 in Fire Magic
  1723 | D:2      | Reached skill level 1 in Ice Magic
  1723 | D:2      | Reached skill level 1 in Air Magic
  1723 | D:2      | Reached skill level 1 in Earth Magic
  1723 | D:2      | Reached skill level 1 in Poison Magic
  2089 | D:3      | Reached XP level 5. HP: 42/43 MP: 12/12
  2326 | D:3      | Learned a level 2 spell: Blink
  2330 | D:3      | Learned a level 3 spell: Gell's Gravitas
  2334 | D:3      | Learned a level 3 spell: Lesser Beckoning
  2338 | D:3      | Learned a level 3 spell: Teleport Other
  2341 | D:3      | Learned a level 2 spell: Shroud of Golubria
  2436 | D:3      | HP: 1/43 [orc wizard/magic dart (5)]
  3238 | D:4      | Reached XP level 6. HP: 35/50 MP: 13/13
  3387 | D:4      | Reached skill level 5 in Fighting
  3387 | D:4      | Reached skill level 5 in Long Blades
  3387 | D:4      | Reached skill level 5 in Dodging
  3783 | D:4      | Got a faintly glowing cloak
  3789 | D:4      | Identified the +2 cloak "Toasmoju" {rElec Regen+ Str-5}
                  | (You found it on level 4 of the Dungeon)
  4030 | D:4      | Reached XP level 7. HP: 51/56 MP: 15/15
  4055 | D:4      | Found a white marble altar of Elyvilon.
  4055 | D:4      | Found a blossoming altar of Fedhas.
  4056 | D:4      | Found a glowing golden altar of the Shining One.
  4251 | D:5      | Entered Level 5 of the Dungeon
  4484 | D:5      | You fall into a shaft and drop 3 floors!
  4553 | D:8      | Reached XP level 8. HP: 59/63 MP: 16/16
  4585 | D:8      | Found Saxosan's Assorted Antiques.
  4600 | D:8      | Found a flagged portal.
  4630 | Bailey   | Entered a bailey
  5390 | Bailey   | Reached XP level 9. HP: 45/69 MP: 12/18
  5481 | Bailey   | Reached skill level 6 in Fighting
  5786 | Bailey   | Reached skill level 5 in Throwing
  5786 | Bailey   | Reached skill level 5 in Armour
  6296 | D:8      | Noticed Maurice
  6555 | D:8      | Killed Maurice
  6555 | D:8      | Reached skill level 5 in Invocations
  6743 | D:8      | Reached skill level 5 in Shields
  6930 | D:8      | Reached XP level 10. HP: 77/77 MP: 20/20
  6954 | D:8      | Noticed Harold
  6994 | D:8      | Killed Harold
  6994 | D:8      | Reached skill level 7 in Fighting
  6994 | D:8      | Reached skill level 5 in Short Blades
  6994 | D:8      | Reached skill level 5 in Axes
  6994 | D:8      | Reached skill level 5 in Maces & Flails
  6994 | D:8      | Reached skill level 5 in Polearms
  6994 | D:8      | Reached skill level 5 in Staves
  6994 | D:8      | Reached skill level 5 in Slings
  6994 | D:8      | Reached skill level 5 in Bows
  6994 | D:8      | Reached skill level 5 in Crossbows
  6994 | D:8      | Reached skill level 5 in Stealth
  6994 | D:8      | Reached skill level 5 in Unarmed Combat
  6994 | D:8      | Reached skill level 5 in Evocations
  7454 | D:9      | Found Hacsueka's Distillery.
  7463 | D:9      | Bought a potion of cancellation for 104 gold pieces
  7463 | D:9      | Bought a potion of heal wounds for 65 gold pieces
  7463 | D:9      | Bought a potion of agility for 52 gold pieces
  7463 | D:9      | Bought a potion of brilliance for 52 gold pieces
  7463 | D:9      | Bought a potion of mutation for 104 gold pieces
  7482 | D:9      | Found a staircase to the Lair.
  7726 | D:7      | Found a snail-covered altar of Cheibriados.
  7728 | D:7      | Found a shadowy altar of Dithmenos.
  7741 | D:7      | Became a worshipper of Cheibriados the Contemplative
  7841 | D:7      | Learned a level 1 spell: Apportation
  7843 | D:7      | Learned a level 1 spell: Animate Skeleton
  8062 | D:7      | Noticed Joseph
  8079 | D:7      | Killed Joseph
  8205 | D:7      | Reached * piety under Cheibriados
  8230 | D:7      | Reached skill level 8 in Fighting
  8330 | D:7      | Found a staircase to the Ecumenical Temple.
  8604 | D:9      | Reached ** piety under Cheibriados
  8621 | D:9      | Reached XP level 11. HP: 86/87 MP: 22/22
  8750 | D:9      | Learned a level 1 spell: Shock
  8991 | D:10     | Entered Level 10 of the Dungeon
  8997 | D:10     | Found the +6 Majin-Bo {vamp, Archmagi MP+6 Int+6}
  8998 | D:10     | Got a smoking short sword
  9009 | D:10     | Identified the cursed +1 short sword "Opyumakk" {pierce,
                  | rPois rN++} (You found it on level 10 of the Dungeon)
  9080 | D:10     | Found Keink's Magic Scroll Shop.
  9739 | D:10     | Reached *** piety under Cheibriados
  9792 | D:10     | Reached skill level 5 in Conjurations
  9792 | D:10     | Reached skill level 5 in Hexes
  9792 | D:10     | Reached skill level 5 in Charms
  9792 | D:10     | Reached skill level 5 in Summonings
  9792 | D:10     | Reached skill level 5 in Necromancy
  9792 | D:10     | Reached skill level 5 in Transmutations
  9792 | D:10     | Reached skill level 5 in Fire Magic
  9792 | D:10     | Reached skill level 5 in Ice Magic
  9792 | D:10     | Reached skill level 5 in Air Magic
  9792 | D:10     | Reached skill level 5 in Earth Magic
  9792 | D:10     | Reached skill level 5 in Poison Magic
 10253 | D:11     | Noticed a cyclops
 10376 | D:11     | Killed a cyclops
 10376 | D:11     | Reached skill level 9 in Fighting
 10418 | D:11     | Noticed a five-headed hydra
 10433 | D:11     | Killed a five-headed hydra
 10788 | D:11     | Paralysed by a hornet for 2 turns
 10869 | D:11     | Found Donos's Assorted Antiques.
 10877 | D:11     | Bought a scroll of teleportation for 78 gold pieces
 11061 | D:12     | Found a staircase to the Orcish Mines.
 11077 | D:12     | Reached **** piety under Cheibriados
 11189 | D:12     | Noticed Sonja
 11336 | D:12     | Reached XP level 12. HP: 97/97 MP: 24/24
 11491 | D:12     | Reached ***** piety under Cheibriados
 11867 | D:12     | Killed Sonja
 11867 | D:12     | Reached skill level 10 in Fighting
 12367 | D:13     | Noticed Rupert
 12386 | D:13     | Demolished by Rupert

Levels and vault maps discovered:
D:1:      ncdulo_smallfort, layout_rooms, minmay_misc_feat_roman
D:2:      layout_basic, fiery_altar_vehumet
D:3:      minmay_door_path, layout_basic
D:4:      kennysheep_slugbush, layout_cave_pools,
          gammafunk_temple_overflow_claw, minmay_vboxes
D:5:      layout_rooms, kennysheep_mini_moat, first_ration
D:7:      layout_basic, grunt_temple_overflow_open,
          minmay_temple_entry_poolview, the_bakery, uniq_joseph
D:8:      layout_rooms, serial_shops,
          nicolae_shop_temple_entry_statues_fountains, enter_bailey_3,
          serial_rivers, chequers_serial_rivers_room_b,
          chequers_serial_rivers_micro_d, chequers_serial_rivers_marsh,
          chequers_serial_rivers_micro_c, uniq_maurice, uniq_harold
D:9:      layout_small_grid, lair_entry_dummy, serial_shops, shop_fountains
D:10:     layout_irregular_city, serial_shops, shop
D:11:     layout_long_grid, serial_shops, shop
D:12:     layout_loops_ring, zombieorc2_lemuel, minivault_25_ag, uniq_sonja
D:13:     layout_basic, fedhas_bush_and_centaur_altar, uniq_snorg, uniq_rupert,
          uniq_azrael

Skill      XL: |  1  2  3  4  5  6  7  8  9 10 11 12 |
---------------+-------------------------------------+-----
Spellcasting   | 5 6 7 8 |  8.7
Invocations    | 1 2 3 4 5 6 7 |  7.7
Short Blades   | 1 2 3 4 5 6 7 |  7.0
Axes           | 1 2 3 4 5 6 7 |  7.0
Maces & Flails | 1 2 3 4 5 6 7 |  7.0
Polearms       | 1 2 3 4 5 6 7 |  7.0
Staves         | 1 2 3 4 5 6 7 |  7.0
Slings         | 1 2 3 4 5 6 7 |  7.0
Bows           | 1 2 3 4 5 6 7 |  7.0
Crossbows      | 1 2 3 4 5 6 7 |  7.0
Stealth        | 1 2 3 4 5 6 7 |  7.0
Shields        | 1 2 3 5 6 8 9 |  9.0
Unarmed Combat | 1 2 3 4 5 6 7 |  7.0
Evocations     | 1 2 3 4 5 6 7 |  7.0
Conjurations   | 1 2 3 4 5 |  5.8
Hexes          | 1 2 3 4 5 |  5.8
Charms         | 1 2 3 4 5 |  5.8
Summonings     | 1 2 3 4 5 |  5.8
Necromancy     | 1 2 3 4 5 |  5.8
Transmutations | 1 2 3 4 5 |  5.8
Fire Magic     | 1 2 3 4 5 |  5.8
Ice Magic      | 1 2 3 4 5 |  5.8
Air Magic      | 1 2 3 4 5 |  5.8
Earth Magic    | 1 2 3 4 5 |  5.8
Poison Magic   | 1 2 3 4 5 |  5.8
Throwing       | 3 4 5 6 7 |  7.5
Armour         | 3 4 5 6 7 |  7.5
Fighting       | 5 6 8 9 10 | 10.1
Long Blades    | 5 6 7 8 |  8.5
Dodging        | 5 6 7 8 |  8.5
Translocations | 6 7 8 |  8.1

Action                   |  1- 3 |  4- 6 |  7- 9 | 10-12 || total
-------------------------+-------+-------+-------+-------++-------
Melee: Falchion          |   104 |   103 |       |       ||   207
       Bite              |    12 |    13 |    17 |   102 ||   144
       Hand axe          |       |    88 |   214 |   121 ||   423
       Punch             |       |       |     3 |     9 ||    12
       Trident           |       |       |    74 |       ||    74
       Spear             |       |       |       |   337 ||   337
       Quarterstaff      |       |       |       |   171 ||   171
       Short sword       |       |       |       |    28 ||    28
       Dagger            |       |       |       |     1 ||     1
 Fire: Shortbow          |       |       |   100 |       ||   100
Throw: Stone             |     2 |       |    14 |    28 ||    44
       Boomerang         |       |    10 |    67 |    35 ||   112
       Dart              |       |     4 |    45 |    24 ||    73
       Javelin           |       |       |     4 |    27 ||    31
 Cast: Gell's Gravitas   |       |     1 |     4 |    17 ||    22
       Shroud of Golubri |       |       |     1 |     4 ||     5
       Shock             |       |       |       |     3 ||     3
       Lesser Beckoning  |       |       |       |     3 ||     3
Invok: Bend Time         |       |       |       |     3 ||     3
       Slouch            |       |       |       |     1 ||     1
Evoke: Wand              |       |       |       |    12 ||    12
       Lamp of fire      |       |       |       |     1 ||     1
  Use: Scroll            |       |     4 |     3 |    17 ||    24
       Potion            |       |     2 |       |     3 ||     5
 Stab: Sleeping          |       |     3 |     2 |    15 ||    20
       Distracted        |       |       |       |     1 ||     1
       Invisible         |       |       |       |     1 ||     1
       Paralysed         |       |       |       |     1 ||     1
  Eat: Chunk             |     2 |     5 |    10 |    14 ||    31
       Ration            |       |     1 |       |       ||     1
Armor: Leather armour    |    20 |    37 |    16 |       ||    73
       Ring mail         |       |       |    95 |   236 ||   331
Dodge: Dodged            |    92 |   128 |   213 |   553 ||   986
       Rpst.: Falchion   |    29 |    22 |       |       ||    51
